| TOP OF THE 1ST |
|
San Diego (APP) Padres batting - Pitching for Grand Junction Rockies : RHP Don Boudreau
|
|
Pitching: RHP Don Boudreau
|
|
|
Batting: RHB Wally Cangro
|
0-0: Ball 1-0: Ball 2-0: Called Strike 2-1: SINGLE (Groundball, 56D, EV 95.0 MPH)
|
|
Batting: SHB Yutaro Takahashi
|
0-0: Ball Wild Pitch! Wally Cangro to second 1-0: Ball 2-0: SINGLE (Groundball, 34D, EV 105.6 MPH) Wally Cangro to third Runner from 3rd tries for Home, SAFE, throw by RF to home Yutaro Takahashi to second
|
|
Batting: RHB Antonio Lara
|
0-0: Called Strike 0-1: Ball Yutaro Takahashi steals 3rd base (no throw) 1-1: Called Strike 1-2: Foul Ball, location: 2F 1-2: Ball 2-2: Strikes out swinging
|
|
Batting: RHB Freddie Brown
|
0-0: Ball 1-0: Ball 2-0: Ball 3-0: Base on Balls
|
|
Batting: LHB Hugo MacBeth
|
0-0: Ball 1-0: Ball 2-0: Ball 3-0: Base on Balls Freddie Brown to second
|
|
Batting: LHB Sammy Roddenberry
|
0-0: Ball 1-0: Ball 2-0: Ball 3-0: Base on Balls Yutaro Takahashi scores Freddie Brown to third Hugo MacBeth to second
|
|
Batting: LHB Phil Lerner
|
0-0: Called Strike 0-1: Ball 1-1: Ball 2-1: Foul Ball, location: 2F 2-2: Foul Ball, location: 2F 2-2: Fly out, F7 (Flyball, 78XD, EV 93.1 MPH) Runner from 3rd tags up, SCORES, no throw by LF
|
|
Batting: RHB Aaron Joseph
|
0-0: Ground out 5-3 (Groundball, 56S, EV 76.2 MPH)
|
| Top of the 1st over - 3 runs, 2 hits, 0 errors, 2 left on base; San Diego (APP) 3 - Grand Junction 0 |
| BOTTOM OF THE 1ST |
|
Grand Junction Rockies batting - Pitching for San Diego (APP) Padres : LHP Ryan Tatum
|
|
Pitching: LHP Ryan Tatum
|
|
|
Batting: RHB Juan Figueroa
|
0-0: Ball 1-0: Called Strike 1-1: Foul Ball, location: 2F 1-2: Ground out 4-3 (Groundball, 34, EV 85.6 MPH)
|
|
Batting: RHB John Boyer
|
0-0: Ball 1-0: Ball 2-0: SINGLE (Groundball, 6MD, EV 108.1 MPH)
|
|
Batting: LHB Bill McGregor
|
0-0: Ball 1-0: Ball Wild Pitch! John Boyer to second 2-0: Foul Ball, location: 2F 2-1: Ball 3-1: Called Strike 3-2: Fly out, F6 (Flyball, 56D, EV 73.1 MPH)
|
|
Batting: RHB Willis Morales
|
0-0: Ball 1-0: SINGLE (Line Drive, 8RS, EV 101.9 MPH) John Boyer to third
|
|
Batting: RHB Zakhar Edelman
|
0-0: Called Strike 0-1: Foul Ball, location: 2F 0-2: Ball 1-2: Ball 2-2: Foul Ball, location: 2F 2-2: Ball 3-2: Foul Ball, location: 2F 3-2: 3-RUN HOME RUN (Flyball, 7D, EV 100.6 MPH), Distance : 393 ft
|
|
Batting: RHB Brent Montagano
|
0-0: Foul Ball, location: 2F 0-1: Ball 1-1: Ball 2-1: Fly out, F8 (Flyball, 78XD, EV 103.1 MPH)
|
| Bottom of the 1st over - 3 runs, 3 hits, 0 errors, 0 left on base; San Diego (APP) 3 - Grand Junction 3 |
| TOP OF THE 2ND |
|
San Diego (APP) Padres batting - Pitching for Grand Junction Rockies : RHP Don Boudreau
|
|
Batting: RHB Max Stillo
|
0-0: Called Strike 0-1: Ball 1-1: Foul Ball, location: 2F 1-2: Strikes out looking
|
|
Batting: RHB Wally Cangro
|
0-0: Called Strike 0-1: Ball 1-1: Swinging Strike 1-2: Foul Ball, location: 2F 1-2: Foul Ball, location: 2F 1-2: Ball 2-2: Foul Ball, location: 2F 2-2: DOUBLE (Groundball, 5L, EV 99.4 MPH)
|
|
Batting: SHB Yutaro Takahashi
|
0-0: Ball 1-0: Called Strike Wally Cangro is caught stealing 3rd base 2-5 1-1: Swinging Strike 1-2: Foul Ball, location: 2F 1-2: Ball 2-2: Foul Ball, location: 2F 2-2: Ball 3-2: SINGLE (Line Drive, 6MD, EV 96.9 MPH)
|
|
Batting: RHB Antonio Lara
|
0-0: Called Strike 0-1: Ball 1-1: Ball 2-1: Foul Ball, location: 2F 2-2: Strikes out swinging
|
| Top of the 2nd over - 0 runs, 2 hits, 0 errors, 1 left on base; San Diego (APP) 3 - Grand Junction 3 |
| BOTTOM OF THE 2ND |
|
Grand Junction Rockies batting - Pitching for San Diego (APP) Padres : LHP Ryan Tatum
|
|
Batting: SHB Jeff Sorrels
|
0-0: Foul Ball, location: 2F 0-1: Fly out, F7 (Flyball, 78XD, EV 103.8 MPH)
|
|
Batting: LHB Harry Folsom
|
0-0: Foul Ball, location: 2F 0-1: Swinging Strike 0-2: Ground out 5-3 (Groundball, 56, EV 90.6 MPH)
|
|
Batting: RHB Yamashita Yagi
|
0-0: Fly out, F9 (Flyball, 9S, EV 87.5 MPH)
|
| Bottom of the 2nd over - 0 runs, 0 hits, 0 errors, 0 left on base; San Diego (APP) 3 - Grand Junction 3 |
| TOP OF THE 3RD |
|
San Diego (APP) Padres batting - Pitching for Grand Junction Rockies : RHP Don Boudreau
|
|
Batting: RHB Freddie Brown
|
0-0: Called Strike 0-1: Ball 1-1: Foul Ball, location: 2F 1-2: Strikes out swinging
|
|
Batting: LHB Hugo MacBeth
|
0-0: Ball 1-0: Called Strike 1-1: Foul Ball, location: 2F 1-2: Ball 2-2: SINGLE (Groundball, 34D, EV 103.8 MPH)
|
|
Batting: LHB Sammy Roddenberry
|
0-0: Ball 1-0: Called Strike 1-1: Ball 2-1: Foul Ball, location: 2F 2-2: Ball 3-2: Base on Balls Hugo MacBeth to second
|
|
Batting: LHB Phil Lerner
|
0-0: Called Strike 0-1: Foul Ball, location: 2F 0-2: SINGLE (Groundball, 34D, EV 97.5 MPH) Hugo MacBeth to third Sammy Roddenberry to second
|
|
Pitching: RHP Jim Micaletti
|
|
|
Batting: RHB Aaron Joseph
|
0-0: Ball 1-0: Ball 2-0: Ball 3-0: Called Strike 3-1: Fielders Choice at 2nd, 4-6 (Groundball, 4, EV 90.0 MPH) Hugo MacBeth scores Sammy Roddenberry to third
|
|
Batting: RHB Max Stillo
|
0-0: Foul Ball, location: 2F 0-1: Foul Ball, location: 2F 0-2: Strikes out swinging
|
| Top of the 3rd over - 1 run, 2 hits, 0 errors, 2 left on base; San Diego (APP) 4 - Grand Junction 3 |
| BOTTOM OF THE 3RD |
|
Grand Junction Rockies batting - Pitching for San Diego (APP) Padres : LHP Ryan Tatum
|
|
Batting: RHB Juan Figueroa
|
0-0: Ball 1-0: Ball 2-0: Called Strike 2-1: Ball 3-1: Ground out 5-3 (Groundball, 56, EV 104.4 MPH)
|
|
Batting: RHB John Boyer
|
0-0: Ball 1-0: Called Strike 1-1: Ball 2-1: SINGLE (Line Drive, 9LM, EV 97.5 MPH)
|
|
Batting: LHB Bill McGregor
|
0-0: Ball 1-0: Foul Ball, location: 2F 1-1: Ball 2-1: Swinging Strike 2-2: Foul Ball, location: 2F 2-2: Ball 3-2: Fielders Choice at 2nd, 5-4 (Groundball, 56S, EV 81.9 MPH)
|
|
Batting: RHB Willis Morales
|
0-0: Ball 1-0: Called Strike 1-1: Ball 2-1: Swinging Strike 2-2: Ball 3-2: Foul Ball, location: 2F 3-2: Base on Balls Bill McGregor to second
|
|
Batting: RHB Zakhar Edelman
|
0-0: Called Strike 0-1: Called Strike 0-2: Strikes out swinging passed ball, reaches first! Bill McGregor to third Willis Morales to second
|
|
Batting: RHB Brent Montagano
|
0-0: Ball 1-0: Called Strike 1-1: Foul Ball, location: 2F 1-2: Ball 2-2: Foul Ball, location: 2F 2-2: Strikes out swinging
|
| Bottom of the 3rd over - 0 runs, 1 hit, 0 errors, 3 left on base; San Diego (APP) 4 - Grand Junction 3 |
| TOP OF THE 4TH |
|
San Diego (APP) Padres batting - Pitching for Grand Junction Rockies : RHP Jim Micaletti
|
|
Batting: RHB Wally Cangro
|
0-0: Called Strike 0-1: Called Strike 0-2: Ball 1-2: Foul Ball, location: 2F 1-2: Ball 2-2: Fly out, F8 (Line Drive, 8LD, EV 104.4 MPH)
|
|
Batting: SHB Yutaro Takahashi
|
0-0: Called Strike 0-1: Ball 1-1: Ball 2-1: Ball 3-1: Foul Ball, location: 2F 3-2: Foul Ball, location: 2F 3-2: Base on Balls
|
|
Batting: RHB Antonio Lara
|
0-0: Ball Yutaro Takahashi steals 2nd base 1-0: Called Strike 1-1: Ball 2-1: Ball 3-1: Foul Ball, location: 2F 3-2: SINGLE (Flyball, 8LS, EV 95.0 MPH) Yutaro Takahashi to third Runner from 3rd tries for Home, SAFE, throw by CF to home
|
|
Batting: RHB Freddie Brown
|
0-0: Called Strike 0-1: Ball 1-1: Ball 2-1: Foul Ball, location: 2F 2-2: Ball 3-2: Base on Balls Antonio Lara to second
|
|
Batting: LHB Hugo MacBeth
|
0-0: Called Strike 0-1: Ball 1-1: Foul Ball, location: 2F 1-2: Foul Ball, location: 2F 1-2: Ball 2-2: 3-RUN HOME RUN (Flyball, 8LXD, EV 115.6 MPH), Distance : 448 ft
|
|
Batting: LHB Sammy Roddenberry
|
0-0: Ball 1-0: Ball 2-0: Ball 3-0: Called Strike 3-1: Foul Ball, location: 2F 3-2: Base on Balls
|
|
Batting: LHB Phil Lerner
|
0-0: Called Strike Sammy Roddenberry steals 2nd, throwing error, E2 Sammy Roddenberry to third 0-1: Ball 1-1: Ball 2-1: Foul Ball, location: 2F 2-2: SINGLE (Line Drive, 7S, EV 110.0 MPH) Sammy Roddenberry scores
|
|
Batting: RHB Aaron Joseph
|
Pickoff Throw to First - Out! 1-3 0-0: Called Strike 0-1: Ball 1-1: Foul Ball, location: 2F 1-2: Foul Ball, location: 2F 1-2: Ball 2-2: Foul Ball, location: 2F 2-2: Ball 3-2: SINGLE (Line Drive, 6MD, EV 101.2 MPH)
|
|
Batting: RHB Max Stillo
|
0-0: Ball 1-0: Ball Wild Pitch! Aaron Joseph to second 2-0: Ball 3-0: Base on Balls
|
|
Pitching: RHP Vas Karamyshev
|
|
|
Batting: RHB Wally Cangro
|
0-0: Called Strike 0-1: Ball 1-1: Foul Ball, location: 2F 1-2: Foul Ball, location: 2F 1-2: Ball 2-2: Ball 3-2: Foul Ball, location: 2F 3-2: Ground out 3-1 (Groundball, 34S, EV 79.4 MPH)
|
| Top of the 4th over - 5 runs, 4 hits, 1 error, 2 left on base; San Diego (APP) 9 - Grand Junction 3 |
| BOTTOM OF THE 4TH |
|
Grand Junction Rockies batting - Pitching for San Diego (APP) Padres : LHP Ryan Tatum
|
|
Batting: SHB Jeff Sorrels
|
0-0: Called Strike 0-1: Ball 1-1: Foul Ball, location: 2F 1-2: Fly out, F9 (Line Drive, 9, EV 96.2 MPH)
|
|
Batting: LHB Harry Folsom
|
0-0: Ball 1-0: Ball 2-0: Called Strike 2-1: Ground out 6-3 (Groundball, 6M, EV 81.2 MPH)
|
|
Batting: RHB Yamashita Yagi
|
0-0: Ball 1-0: Ball 2-0: Foul Ball, location: 2F 2-1: Ball 3-1: Foul Ball, location: 2F 3-2: Base on Balls
|
|
Batting: RHB Juan Figueroa
|
0-0: Ball 1-0: Ball 2-0: Swinging Strike 2-1: Foul Ball, location: 2F 2-2: Ball Passed Ball! Yamashita Yagi to second 3-2: Base on Balls
|
|
Batting: RHB John Boyer
|
0-0: Called Strike 0-1: Ground out 5-3 (Groundball, 56S, EV 86.9 MPH)
|
| Bottom of the 4th over - 0 runs, 0 hits, 0 errors, 2 left on base; San Diego (APP) 9 - Grand Junction 3 |
| TOP OF THE 5TH |
|
San Diego (APP) Padres batting - Pitching for Grand Junction Rockies : RHP Vas Karamyshev
|
|
Batting: SHB Yutaro Takahashi
|
0-0: Foul Ball, location: 2F 0-1: Ball 1-1: Foul Ball, location: 2F 1-2: Ball 2-2: Foul Ball, location: 2F 2-2: Foul Ball, location: 2F 2-2: Foul Ball, location: 2F 2-2: Ball 3-2: Ground out 5-3 (Groundball, 56, EV 100.0 MPH)
|
|
Batting: RHB Antonio Lara
|
0-0: Ball 1-0: Swinging Strike 1-1: Ball 2-1: SINGLE (Groundball, 56D, EV 106.2 MPH)
|
|
Batting: RHB Freddie Brown
|
0-0: 2-RUN HOME RUN (Flyball, 78XD, EV 103.8 MPH), Distance : 433 ft
|
|
Batting: LHB Hugo MacBeth
|
0-0: Fly out, F9 (Flyball, 9LD, EV 98.8 MPH)
|
|
Batting: LHB Sammy Roddenberry
|
0-0: SINGLE (Groundball, 25, EV 64.4 MPH) (infield hit)
|
|
Batting: LHB Phil Lerner
|
0-0: Called Strike 0-1: Ball 1-1: Called Strike Sammy Roddenberry steals 2nd base 1-2: Ball 2-2: SINGLE (Groundball, 5L, EV 103.8 MPH) (infield hit) Sammy Roddenberry to third
|
|
Batting: RHB Aaron Joseph
|
0-0: Called Strike 0-1: Ball 1-1: Fly out, F8 (Line Drive, 8LD, EV 93.8 MPH)
|
| Top of the 5th over - 2 runs, 4 hits, 0 errors, 2 left on base; San Diego (APP) 11 - Grand Junction 3 |
| BOTTOM OF THE 5TH |
|
Grand Junction Rockies batting - Pitching for San Diego (APP) Padres : LHP Ryan Tatum
|
|
Batting: LHB Bill McGregor
|
0-0: Foul Ball, location: 2F 0-1: SOLO HOME RUN (Flyball, 8LXD, EV 115.6 MPH), Distance : 454 ft
|
|
Batting: RHB Willis Morales
|
0-0: SINGLE (Groundball, 56, EV 109.4 MPH)
|
|
Batting: RHB Zakhar Edelman
|
0-0: Ball Willis Morales steals 2nd base (no throw) 1-0: Ball 2-0: Called Strike 2-1: Ball 3-1: Base on Balls
|
|
Batting: RHB Brent Montagano
|
0-0: Called Strike 0-1: Called Strike 0-2: Strikes out looking
|
|
Batting: SHB Jeff Sorrels
|
0-0: Fly out, F8 (Flyball, 89XD, EV 85.0 MPH) Runner from 2nd tags up, SAFE at 3rd, no throw by CF
|
|
Batting: LHB Harry Folsom
|
0-0: Ball 1-0: SINGLE (Groundball, 3D, EV 108.8 MPH) Willis Morales scores Zakhar Edelman to second
|
|
Batting: RHB Yamashita Yagi
|
0-0: Called Strike 0-1: Foul Ball, location: 2F 0-2: Ball 1-2: Ball 2-2: Strikes out swinging
|
| Bottom of the 5th over - 2 runs, 3 hits, 0 errors, 2 left on base; San Diego (APP) 11 - Grand Junction 5 |
| TOP OF THE 6TH |
|
San Diego (APP) Padres batting - Pitching for Grand Junction Rockies : RHP Vas Karamyshev
|
|
Batting: RHB Max Stillo
|
0-0: SINGLE (Groundball, 6MD, EV 109.4 MPH)
|
|
Batting: RHB Wally Cangro
|
0-0: Called Strike 0-1: Ball 1-1: Fly out, F9 (Flyball, 9, EV 84.4 MPH)
|
|
Batting: SHB Yutaro Takahashi
|
0-0: Called Strike 0-1: Swinging Strike 0-2: Ball 1-2: Ball 2-2: Foul Ball, location: 2F 2-2: Ball 3-2: SINGLE (Line Drive, 9S, EV 99.4 MPH) Max Stillo to second Max Stillo to third
|
|
Batting: RHB Antonio Lara
|
0-0: Ball Yutaro Takahashi steals 2nd base (no throw) 1-0: Called Strike 1-1: SINGLE (Flyball, 7S, EV 83.1 MPH) Max Stillo scores Yutaro Takahashi to third Runner from 3rd tries for Home, SAFE, throw by LF to home
|
|
Batting: RHB Freddie Brown
|
0-0: SINGLE (Line Drive, 78M, EV 88.8 MPH) Antonio Lara to second
|
|
Batting: LHB Hugo MacBeth
|
0-0: Ball 1-0: Ball 2-0: Swinging Strike 2-1: Swinging Strike 2-2: Ball 3-2: Foul Ball, location: 2F 3-2: Foul Ball, location: 2F 3-2: Base on Balls Antonio Lara to third Freddie Brown to second
|
|
Batting: LHB Sammy Roddenberry
|
0-0: Swinging Strike 0-1: Ball 1-1: Ball 2-1: Called Strike 2-2: Strikes out swinging
|
|
Batting: LHB Phil Lerner
|
0-0: Ball 1-0: Swinging Strike 1-1: Ball 2-1: Ball 3-1: Base on Balls Antonio Lara scores Freddie Brown to third Hugo MacBeth to second
|
|
Pitching: LHP Jason Ryan
|
|
|
Batting: RHB Aaron Joseph
|
0-0: Ball 1-0: Foul Ball, location: 2F 1-1: SINGLE (Groundball, 6MD, EV 99.4 MPH) Freddie Brown scores Hugo MacBeth to third Phil Lerner to second
|
|
Batting: RHB Max Stillo
|
0-0: Called Strike 0-1: Ball 1-1: Called Strike 1-2: Ball 2-2: Foul Ball, location: 2F Balk! Hugo MacBeth scores Phil Lerner to third Aaron Joseph to second 2-2: Ball 3-2: Base on Balls
|
|
Batting: RHB Wally Cangro
|
0-0: Called Strike 0-1: Foul Ball, location: 2F 0-2: Ball 1-2: Ball 2-2: Ball 3-2: Base on Balls Phil Lerner scores Aaron Joseph to third Max Stillo to second
|
|
Batting: SHB Yutaro Takahashi
|
0-0: Called Strike 0-1: Foul Ball, location: 2F 0-2: Ball 1-2: Foul Ball, location: 2F 1-2: Strikes out swinging
|
| Top of the 6th over - 6 runs, 5 hits, 0 errors, 3 left on base; San Diego (APP) 17 - Grand Junction 5 |
| BOTTOM OF THE 6TH |
|
Grand Junction Rockies batting - Pitching for San Diego (APP) Padres : LHP Ryan Tatum
|
|
Pitching: RHP Brian McDaniel
|
|
|
Batting: RHB Juan Figueroa
|
0-0: Ground out 6-3 (Groundball, 6, EV 87.5 MPH)
|
|
Batting: RHB John Boyer
|
0-0: Ball 1-0: Ball 2-0: Called Strike 2-1: Ball 3-1: Fly out, F7 (Flyball, 78S, EV 88.1 MPH)
|
|
Batting: LHB Bill McGregor
|
0-0: Ball 1-0: Ball 2-0: Swinging Strike 2-1: Swinging Strike 2-2: Strikes out looking
|
| Bottom of the 6th over - 0 runs, 0 hits, 0 errors, 0 left on base; San Diego (APP) 17 - Grand Junction 5 |
| TOP OF THE 7TH |
|
San Diego (APP) Padres batting - Pitching for Grand Junction Rockies : LHP Jason Ryan
|
|
Batting: RHB Antonio Lara
|
0-0: Called Strike 0-1: Hit by Pitch
|
|
Batting: RHB Freddie Brown
|
0-0: Called Strike 0-1: Ball 1-1: Foul Ball, location: 2F 1-2: Foul Ball, location: 2F 1-2: Foul Ball, location: 2F 1-2: 2-RUN HOME RUN (Flyball, 7LD, EV 93.1 MPH), Distance : 353 ft
|
|
Batting: LHB Hugo MacBeth
|
0-0: Ball 1-0: Ball 2-0: Ball 3-0: Called Strike 3-1: Base on Balls
|
|
Batting: LHB Sammy Roddenberry
|
0-0: Ball 1-0: Ball 2-0: Ball 3-0: Swinging Strike 3-1: Base on Balls Hugo MacBeth to second
|
|
Batting: LHB Phil Lerner
|
0-0: Ball 1-0: Grounds out, U3 (Groundball, 3L, EV 83.8 MPH) Hugo MacBeth to third
|
|
Batting: RHB Aaron Joseph
|
0-0: Ball 1-0: Ball 2-0: Ball 3-0: Called Strike 3-1: DOUBLE (Flyball, 8RXD, EV 109.4 MPH) Hugo MacBeth scores Sammy Roddenberry scores
|
|
Pitching: RHP Andy Rayer
|
|
|
Pinch Hitting: RHB Brent Little
|
0-0: Foul Ball, location: 2F 0-1: Swinging Strike 0-2: Strikes out swinging
|
|
Batting: RHB Wally Cangro
|
0-0: Hit by Pitch
|
|
Batting: SHB Yutaro Takahashi
|
0-0: Called Strike 0-1: Ball 1-1: Ball 2-1: Ball 3-1: Base on Balls Aaron Joseph to third Wally Cangro to second
|
|
Batting: RHB Antonio Lara
|
0-0: Ball 1-0: Foul Ball, location: 2F 1-1: Ball 2-1: Fly out, F8 (Flyball, 8RXD, EV 96.9 MPH)
|
| Top of the 7th over - 4 runs, 2 hits, 0 errors, 3 left on base; San Diego (APP) 21 - Grand Junction 5 |
| BOTTOM OF THE 7TH |
|
Grand Junction Rockies batting - Pitching for San Diego (APP) Padres : RHP Brian McDaniel
|
|
Now at 2B: Brent Little
|
|
|
Now at SS: Antonio Lara
|
|
|
Pinch Hitting: RHB Willie Benito
|
0-0: DOUBLE (Groundball, 5L, EV 96.9 MPH)
|
|
Pinch Hitting: RHB T.J. Williams
|
0-0: Foul Ball, location: 2F 0-1: Ball 1-1: Swinging Strike 1-2: Ball 2-2: Ball 3-2: Foul Ball, location: 2F 3-2: Fly out, F9 (Flyball, 9LD, EV 92.5 MPH) Runner from 2nd tags up, SAFE at 3rd, no throw by RF
|
|
Batting: RHB Brent Montagano
|
0-0: Ball 1-0: Ball 2-0: Called Strike 2-1: Fly out, F7 (Flyball, 7LM, EV 91.2 MPH)
|
|
Batting: SHB Jeff Sorrels
|
0-0: Called Strike 0-1: Ground out 6-3 (Groundball, 6, EV 80.0 MPH)
|
| Bottom of the 7th over - 0 runs, 1 hit, 0 errors, 1 left on base; San Diego (APP) 21 - Grand Junction 5 |
| TOP OF THE 8TH |
|
San Diego (APP) Padres batting - Pitching for Grand Junction Rockies : RHP Andy Rayer
|
|
Now at SS: Willie Benito
|
|
|
Now in LF: Chris Osting
|
|
|
Batting: RHB Freddie Brown
|
0-0: Ball 1-0: Ball 2-0: Called Strike 2-1: Foul Ball, location: 2F 2-2: Fly out, F8 (Flyball, 8LS, EV 81.9 MPH)
|
|
Batting: LHB Hugo MacBeth
|
0-0: Swinging Strike 0-1: Ball 1-1: Ball 2-1: Fly out, F4 (Popup, 4M, EV 56.9 MPH)
|
|
Batting: LHB Sammy Roddenberry
|
0-0: Ball 1-0: Called Strike 1-1: Called Strike 1-2: Foul Ball, location: 2F 1-2: Strikes out swinging
|
| Top of the 8th over - 0 runs, 0 hits, 0 errors, 0 left on base; San Diego (APP) 21 - Grand Junction 5 |
| BOTTOM OF THE 8TH |
|
Grand Junction Rockies batting - Pitching for San Diego (APP) Padres : RHP Brian McDaniel
|
|
Batting: LHB Harry Folsom
|
0-0: Called Strike 0-1: Swinging Strike 0-2: Ball 1-2: Ball 2-2: Ball 3-2: Fly out, F9 (Flyball, 9D, EV 100.6 MPH)
|
|
Batting: RHB Yamashita Yagi
|
0-0: Called Strike 0-1: Foul Ball, location: 2F 0-2: Ball 1-2: Foul Ball, location: 2F 1-2: Strikes out swinging
|
|
Batting: RHB Juan Figueroa
|
0-0: Swinging Strike 0-1: Swinging Strike 0-2: Strikes out swinging
|
| Bottom of the 8th over - 0 runs, 0 hits, 0 errors, 0 left on base; San Diego (APP) 21 - Grand Junction 5 |
| TOP OF THE 9TH |
|
San Diego (APP) Padres batting - Pitching for Grand Junction Rockies : RHP Andy Rayer
|
|
Batting: LHB Phil Lerner
|
0-0: Ball 1-0: Called Strike 1-1: Ball 2-1: Called Strike 2-2: Foul Ball, location: 2F 2-2: Foul Ball, location: 2F 2-2: TRIPLE (Flyball, 89XD, EV 97.5 MPH)
|
|
Batting: RHB Aaron Joseph
|
0-0: Ball Wild Pitch! Phil Lerner scores 1-0: Ground out 6-3 (Groundball, 6D, EV 100.6 MPH)
|
|
Batting: RHB Brent Little
|
0-0: Ball 1-0: Ball 2-0: Called Strike 2-1: Ground out 1-3 (Groundball, 13, EV 68.1 MPH)
|
|
Batting: RHB Wally Cangro
|
0-0: Foul Ball, location: 2F 0-1: SOLO HOME RUN (Flyball, 7D, EV 105.6 MPH), Distance : 384 ft
|
|
Batting: SHB Yutaro Takahashi
|
0-0: Ball 1-0: Foul Ball, location: 2F 1-1: Foul Ball, location: 2F 1-2: Fly out, F5 (Popup, 5F, EV 80.6 MPH)
|
| Top of the 9th over - 2 runs, 2 hits, 0 errors, 0 left on base; San Diego (APP) 23 - Grand Junction 5 |
| BOTTOM OF THE 9TH |
|
Grand Junction Rockies batting - Pitching for San Diego (APP) Padres : RHP Brian McDaniel
|
|
Batting: RHB John Boyer
|
0-0: Ball 1-0: Called Strike 1-1: Ball 2-1: DOUBLE (Line Drive, 7LS, EV 109.4 MPH)
|
|
Pitching: RHP Nick Goodlow
|
|
|
Batting: LHB Bill McGregor
|
0-0: Ball 1-0: Ball 2-0: Foul Ball, location: 2F 2-1: Ball 3-1: Foul Ball, location: 2F 3-2: Foul Ball, location: 2F 3-2: Base on Balls
|
|
Pinch Hitting: LHB Zack Guillen
|
0-0: Swinging Strike 0-1: Ball 1-1: Foul Ball, location: 2F 1-2: Ball 2-2: Fielders Choice at 2nd, 4-6 (Groundball, 4, EV 87.5 MPH) John Boyer to third
|
|
Pinch Hitting: LHB Chris Salim
|
0-0: Ball 1-0: SINGLE (Groundball, 34D, EV 109.4 MPH) John Boyer scores Zack Guillen to second
|
|
Batting: LHB Luke Coulter
|
0-0: Ball 1-0: Swinging Strike 1-1: Foul Ball, location: 2F 1-2: Ball 2-2: Foul Ball, location: 2F 2-2: Ball 3-2: Base on Balls Zack Guillen to third Chris Salim to second
|
|
Batting: SHB Jeff Sorrels
|
0-0: Ball 1-0: Foul Ball, location: 2F 1-1: Foul Ball, location: 2F 1-2: Ball 2-2: Ball 3-2: SINGLE (Line Drive, 4D, EV 106.9 MPH) Zack Guillen scores Chris Salim to third Luke Coulter to second
|
|
Batting: LHB Harry Folsom
|
0-0: Ball 1-0: Ball 2-0: Called Strike 2-1: Swinging Strike 2-2: Ball 3-2: TRIPLE (Flyball, 89XD, EV 94.4 MPH) Chris Salim scores Luke Coulter scores Jeff Sorrels scores
|
|
Pitching: RHP Eric Busby
|
|
|
Pinch Hitting: LHB Michael Krott
|
0-0: Called Strike 0-1: Foul Ball, location: 2F 0-2: Fly out, F7 (Flyball, 78M, EV 87.5 MPH)
|
|
Batting: RHB Juan Figueroa
|
0-0: Ball 1-0: Ball 2-0: Ball 3-0: Called Strike 3-1: Foul Ball, location: 2F 3-2: Foul Ball, location: 2F 3-2: Foul Ball, location: 2F 3-2: Strikes out swinging
|
| Bottom of the 9th over - 5 runs, 4 hits, 0 errors, 1 left on base; San Diego (APP) 23 - Grand Junction 10 |
|